 Dungeon Crawl Stone Soup version 0.29-a0-1033-gb6c65ffae6 (webtiles) character file.

Game seed: 39577909795305847

228 Manisian the Sneak (level 5, -3/24 HPs)
             Began as a Spriggan Enchanter on Aug 14, 2022.
             Slain by a black bear (12 damage)
             ... on level 4 of the Dungeon.
             The game lasted 00:09:40 (4759 turns).

Manisian the Sneak (Spriggan Enchanter)             Turns: 4759, Time: 00:09:41

Health: -3/24      AC:  2    Str:  4    XL:     5   Next: 71%
Magic:  4/12       EV: 17    Int: 18    God:
Gold:   231        SH:  0    Dex: 16    Spells: 3/12 levels left

rFire   . . .      SeeInvis +   a - +1 dagger
rCold   . . .      Faith    .   (no shield)
rNeg    . . .      Spirit   .   b - +0 robe
rPois   .          Reflect  .   (helmet restricted)
rElec   .          Harm     .   (no cloak)
rCorr   .          Rampage  .   (gloves unavailable)
Will    .....                   (boots unavailable)
Stlth   +++.......              i - amulet of the acrobat
HPRegen 0.08/turn               (no ring)
MPRegen 0.13/turn               (no ring)

@: very quick
A: very small, no large weapons, unfitting armour, see invisible, speed 3
a: no special abilities


You were on level 4 of the Dungeon.
You visited 1 branch of the dungeon, and saw 4 of its levels.

You collected 231 gold pieces.

Inventory:

Hand Weapons
 a - a +1 dagger (weapon)
Missiles
 e - 54 stones (quivered)
Armour
 b - a +0 robe (worn)
Jewellery
 i - an amulet of the acrobat (around neck)
 m - an amulet of regeneration
Scrolls
 j - 2 scrolls of blinking
 n - a scroll of identify
 p - a scroll of teleportation
Potions
 c - 2 potions of invisibility
 d - a potion of attraction
 f - 3 potions of heal wounds
 g - a potion of brilliance
 h - a potion of ambrosia
 k - a potion of curing {unknown}
 l - a potion of might {unknown}
 o - a potion of flight {unknown}


   Skills:
 - Level 2.0 Short Blades
 - Level 3.0 Dodging
 - Level 6.0 Stealth
 - Level 4.0 Spellcasting
 + Level 5.3 Hexes
 + Level 1.7 Ice Magic


You had 3 spell levels left.
You knew the following spells:

 Your Spells              Type           Power      Damage    Failure   Level
a - Ensorcelled Hibernat  Hex/Ice        32%        N/A       5%          2
b - Slow                  Hex            88%        N/A       1%          1
c - Confusing Touch       Hex            22%        N/A       4%          3
d - Dazzling Flash        Conj/Hex       26%        N/A       14%         3

Your spell library contained the following spells:

 Spells                   Type           Power      Damage    Failure   Level
 Tukima's Dance           Hex            22%        N/A       4%          3
 Foxfire                  Conj/Fire      12%        2x1d4     14%         1
 Summon Small Mammal      Summ           12%        N/A       14%         1
 Inner Flame              Hex/Fire       13%        N/A       14%         3
 Summon Guardian Golem    Hex/Summ       13%        N/A       14%         3
 Call Canine Familiar     Summ           3%         N/A       41%         3
 Conjure Flame            Conj/Fire      3%         6-21      41%         3
 Vampiric Draining        Necr           3%         2d6       41%         3
 Flame Wave               Conj/Fire      3%         2d5       82%         4
 Fireball                 Conj/Fire      1%         3d3       99%         5
 Starburst                Conj/Fire      1%         6d3       100%        6
 Ignition                 Fire           1%         3d3       100%        8


Dungeon Overview and Level Annotations

Branches:
Dungeon (4/15)
 Temple: D:4-7

Altars:
Ashenzari
Okawaru
The Shining One


Innate Abilities, Weirdness & Mutations

You are very small and have problems with some larger weapons.
You are too small for most types of armour.
You have supernaturally acute eyesight. (SInv)
You cover ground extremely quickly. (Speed+++)


Message History

Confirm with . or Enter, or press ? or * to list all spells.
Aiming: Ensorcelled Hibernation (safe; 5% risk of failure)
Press: ? - help, Shift-Dir - straight line, f - black bear
Aim: a black bear (chance to affect: 50%)
The black bear resists with some effort.
A quasit comes into view.
The black bear closely misses you. x2; The black bear claws you.
The hobgoblin hits you but does no damage.
The quasit moves out of view.
Casting: Ensorcelled Hibernation (safe; 5% risk of failure)
Confirm with . or Enter, or press ? or * to list all spells.
Aiming: Ensorcelled Hibernation (safe; 5% risk of failure)
Press: ? - help, Shift-Dir - straight line, f/p - black bear
Aim: a black bear (chance to affect: 50%)
The black bear resists with some effort.
The hobgoblin closely misses you. The black bear barely misses you.
The black bear closely misses you. The black bear claws you.
Casting: Ensorcelled Hibernation (safe; 5% risk of failure)
Confirm with . or Enter, or press ? or * to list all spells.
Aiming: Ensorcelled Hibernation (safe; 5% risk of failure)
Press: ? - help, Shift-Dir - straight line, f/p - black bear
Aim: a black bear (chance to affect: 50%)
The black bear looks drowsy...
The hobgoblin closely misses you.
You are too injured to fight recklessly!
You are too injured to fight recklessly!
The helpless black bear fails to defend itself.
You impale the black bear!!
The black bear is almost dead.
The black bear closely misses you. The black bear barely misses you. x2
The hobgoblin barely misses you.
The ufetubus hits the demonic plant.
The demonic plant begins to die.
The ufetubus completely misses the demonic plant.
The black bear goes berserk!
You see here a scroll of identify.
n - a scroll of identify You see here a scroll of teleportation.
p - a scroll of teleportation The black bear bites you!
Ouch! That really hurt!
You die...

##.....P...# #.......P..#
#######...:..5...# #.
#.............#.# #.
#......#........## #.
#......#.........## ##.
#.................# ...
#............gh...#.##..
#............@....#....####...
###.................#....<......
#........##.......#.............
#.>.........####...........#....
#........#...#....!.......## ...
#........#................. ..
#...........#...........#.. .
#................<.....###.
####...................# .#


You could see a black bear (berserk), an ufetubus (confused) and a hobgoblin.

Vanquished Creatures
  A scorpion (D:4)
  A crimson imp (D:3)
  Robin (D:3)
  2 adders
  3 worms (D:2)
  A dart slug (D:3)
  4 orcs
  5 endoplasms
  2 giant cockroaches
  16 goblins
  12 hobgoblins
  4 jackals (D:1)
  2 quokkas (D:1)
  5 ball pythons
  4 bats
  9 frilled lizards
  A goblin skeleton (D:3)
  A goblin zombie (D:3)
  3 hobgoblin zombies (D:3)
  4 kobolds
  A kobold zombie (D:3)
  2 orc skeletons (D:3)
  An orc zombie (D:3)
  6 rats
91 creatures vanquished.

Vanquished Creatures (others)
  A demonic plant (D:4)
  3 plants (D:3)
4 creatures vanquished.

Grand Total: 95 creatures vanquished

Notes
Turn   | Place    | Note
-------+----------+-------------------------------------------
     0 | D:1      | Manisian the Spriggan Enchanter began the quest for the
                  | Orb.
     0 | D:1      | Reached XP level 1. HP: 9/9 MP: 5/5
   272 | D:1      | Found a faded altar of an unknown god.
   392 | D:1      | Reached skill level 5 in Stealth
   392 | D:1      | Reached XP level 2. HP: 13/13 MP: 6/6
   395 | D:1      | Learned a level 2 spell: Ensorcelled Hibernation
   397 | D:1      | Learned a level 1 spell: Slow
  1559 | D:2      | Reached XP level 3. HP: 16/16 MP: 8/8
  1656 | D:2      | Learned a level 3 spell: Confusing Touch
  1731 | D:2      | Found a broken altar of Ashenzari.
  2364 | D:2      | Reached skill level 6 in Stealth
  2428 | D:3      | Noticed Robin
  2959 | D:2      | Reached XP level 4. HP: 15/21 MP: 3/10
  3076 | D:3      | Killed Robin
  3400 | D:3      | Found a glowing golden altar of the Shining One.
  3735 | D:3      | Reached skill level 1 in Ice Magic
  3861 | D:3      | Reached XP level 5. HP: 24/24 MP: 11/11
  3882 | D:3      | Learned a level 3 spell: Dazzling Flash
  4226 | D:3      | Found an iron altar of Okawaru.
  4577 | D:4      | Reached skill level 5 in Hexes
  4742 | D:4      | Noticed a black bear
  4759 | D:4      | Slain by a black bear

Illustrated notes

Levels and vault maps discovered:
D:1:      giann_horns, layout_loops_corners, chequers_ecumenical_altar_simple
D:2:      layout_loops_ring, basic_altar, minmay_fractal_squares_gapless_5
D:3:      layout_rooms, nicolae_tso_besieged_by_evil, okawaru_altar_gauntlet_db,
          minmay_lizard_king, uniq_robin
D:4:      layout_rooms, serial_demonic, serial_demonic_e, serial_demonic_c,
          serial_demonic_a, serial_demonic_c, serial_park_tiny_1,
          kennysheep_generic_room_5, uniq_pikel

Skill      XL: |  1  2  3  4  5 |
---------------+----------------+-----
Stealth        | 5 6 |  6.0
Spellcasting   | 3 4 |  4.0
Hexes          | 4 5 |  5.3
Dodging        | 3 |  3.0
Ice Magic      | 1 |  1.7
Short Blades   | 2 |  2.0

Action                   |  1- 3 |  4- 6 || total
-------------------------+-------+-------++-------
Melee: Dagger            |    69 |   126 ||   195
Throw: Stone             |     4 |     1 ||     5
 Cast: Ensorcelled Hiber |    33 |    39 ||    72
       Slow              |     2 |     6 ||     8
       Confusing Touch   |       |     3 ||     3
       Dazzling Flash    |       |     1 ||     1
  Use: Scroll            |     8 |     3 ||    11
 Stab: Sleeping          |    39 |    22 ||    61
       Confused          |       |     2 ||     2
       Distracted        |       |     1 ||     1
Armor: Robe              |     6 |    12 ||    18
Dodge: Dodged            |    48 |    91 ||   139

Table legend: (Time is in decaauts)
 A = Elapsed time spent in this place.
 B = Non-inter-level travel time spent in this place.
 C = Inter-level travel time spent in this place.
 D = Time resting spent in this place.
 E = Time spent auto-exploring this place.
 F = Levels seen in this place.
 G = Mean time per level.
                   A        B        C        D        E       F      G
               +--------+--------+--------+--------+--------+-----+--------+
         Total |   3802 |   3607 |    195 |    909 |   1991 |   4 |  950.5 |
       Dungeon |   3802 |   3607 |    195 |    909 |   1991 |   4 |  950.5 |
               +--------+--------+--------+--------+--------+-----+--------+

Top non-repeatable levels by time:
     D:2: 1472 daAuts
     D:3: 1173 daAuts
     D:1: 1043 daAuts
     D:4: 113 daAuts
